Map: Triton LE

Players

Elazer - Winner!

  • Race: Zerg Zerg
  • Spawn Location: 11:00

PtitDrogo

  • Race: Protoss Protoss
  • League: Master
  • Spawn Location: 5:00

VOD

Have the link to the VOD?

Description

Time

  • Played on: Sept. 7, 2019, 3:37 p.m.
  • Length: 8:42
Show
View Real Time Build Order
Export as new Build Order

Elazer Zerg - Winner!

Build Orders: Hatch First 

Get SALT Encoding   

  12  0:00  Drone  
  13  0:12  Overlord  
  13  0:16  Drone  
  14  0:30  Drone x2  
  16  0:47  Hatchery  
  15  0:51  Drone  
  15  0:54  Drone  
  17  0:58  Drone  
  18  1:09  Extractor  
  17  1:13  Spawning Pool  
  17  1:16  Drone  
  17  1:20  Drone  
  18  1:27  Drone  
  19  1:38  Drone  
  20  1:49  Drone  
  21  1:59  Queen  
  21  2:00  Overlord, Zergling x2, Queen  
  26  2:11  Drone, Zergling x2  
  28  2:20  Drone  
  28  2:21  Drone  
  30  2:28  Hatchery  
  29  2:31  Drone  
  29  2:32  Drone  
  31  2:39  Queen  
  33  2:46  Metabolic Boost  
  33  2:49  Overlord  
  33  2:51  Drone  
  33  2:53  Drone  
  33  2:57  Drone  
  36  3:09  Drone x2  
  36  3:10  Drone x4  
  42  3:13  Overlord  
  42  3:18  Queen  
  44  3:31  Drone x3  
  44  3:32  Drone x2  
  44  3:34  Lair  
  49  3:39  Drone x3  
  52  3:46  Roach Warren, Extractor  
  52  3:47  Drone  
  51  3:48  Drone  
  51  3:50  Drone  
  51  3:52  Drone  
  54  3:56  Extractor  
  54  4:00  Overlord  
  54  4:01  Drone x2  
  55  4:03  Overlord  
  55  4:04  Zergling x2  
  56  4:10  Zergling x4  
  58  4:19  Zergling x6  
  61  4:25  Overlord  
  61  4:26  Roach x5  
  61  4:30  Roach  
  61  4:31  Overseer  
  73  4:37  Overlord  
  73  4:38  Glial Reconstitution  
  70  4:52  Roach x4  
  74  4:56  Drone x7  
  74  4:58  Drone  
  80  5:00  Drone x2  
  80  5:02  Drone  
  80  5:04  Drone  
  80  5:06  Drone  
  80  5:07  Drone  
  85  5:09  Overlord  
  85  5:12  Overseer  
  85  5:15  Roach  
  85  5:19  Extractor  
  85  5:20  Overlord  
  88  5:21  Roach x2  
  88  5:22  Extractor  
  88  5:27  Roach  
  91  5:34  Roach x3  
  97  5:38  Overlord x3  
  97  5:43  Overlord  
  97  5:47  Roach  
  97  5:48  Roach x3  
  104  5:54  Roach x2  
  106  5:58  Roach x2  
  110  6:04  Nydus Network  
  110  6:05  Roach  
  110  6:09  Roach x2  
  115  6:13  Roach x3  
  115  6:17  Roach  
  115  6:18  Overseer  
  123  6:19  Roach  
  125  6:27  Roach  
  125  6:28  Roach  
  129  6:33  Overlord  
  129  6:37  Overlord, Ravager  
  130  6:43  Nydus Canal  
  130  6:51  Roach x2  
  126  6:56  Roach x9  
  126  6:59  Roach x2  
  138  7:01  Nydus Canal  
  138  7:04  Roach  
  138  7:08  Roach x2  
  136  7:11  Roach x2  
  136  7:13  Roach  
  140  7:15  Roach  
  140  7:19  Nydus Canal  
  140  7:21  Roach x2  
  140  7:23  Roach  
  140  7:26  Roach  
  140  7:29  Roach  
  136  7:31  Roach  
  136  7:33  Roach  
  142  7:37  Roach x2  
  142  7:38  Roach  
  142  7:40  Roach  
  142  7:42  Roach  
  144  7:46  Roach  
  144  7:47  Roach  
  132  7:52  Overseer, Roach  
  132  7:54  Roach  
  132  7:56  Roach  
  127  7:58  Roach x2  
  127  8:01  Roach  
  127  8:04  Roach  
  127  8:07  Roach  
  127  8:09  Roach  
  131  8:13  Roach x2  
  131  8:15  Nydus Canal  
  131  8:16  Roach  
  137  8:20  Roach x2  
  145  8:31  Nydus Canal  
Show
View Real Time Build Order
Export as new Build Order

PtitDrogo Protoss 

Build Orders: 1 Gate Expand, Archon Immortal, Archon Drop, Dark Templar Rush 

Get SALT Encoding   

  12  0:00  Probe  
  13  0:12  Probe  
  14  0:20  Pylon  
  14  0:24  Probe  
  14  0:28  Assimilator  
  15  0:34  Probe  
  15  0:42  Probe  
  16  0:48  Gateway  
  17  0:52  Probe  
  18  1:04  Probe  
  19  1:16  Probe  
  20  1:24  Nexus  
  20  1:37  Cybernetics Core  
  20  1:38  Probe  
  21  1:41  Assimilator  
  21  1:51  Probe  
  21  1:52  Pylon  
  22  2:03  Probe, Adept  
  23  2:15  Probe  
  26  2:17  Twilight Council  
  26  2:24  Warp Gate  
  26  2:27  Probe  
  27  2:33  Stalker  
  27  2:34  Probe  
  27  2:35  Probe  
  29  2:42  Probe  
  29  2:43  Probe  
  33  2:51  Robotics Facility  
  33  2:52  Probe  
  33  2:53  Probe  
  35  3:04  Probe  
  36  3:09  Dark Shrine, Probe  
  37  3:16  Probe  
  38  3:21  Probe  
  39  3:28  Probe  
  39  3:30  Warp Prism  
  39  3:31  Gateway  
  40  3:35  Gateway  
  40  3:36  Gateway  
  42  3:43  Probe  
  42  3:44  Probe  
  42  3:47  Assimilator  
  44  3:49  Assimilator  
  44  3:54  Pylon  
  44  3:56  Probe x2  
  44  4:02  Pylon  
  46  4:12  Probe x2, Adept  
  50  4:24  Probe x2  
  50  4:28  Dark Templar x2  
  50  4:29  Dark Templar  
  50  4:30  Dark Templar  
  60  4:33  Pylon  
  60  4:37  Probe x2  
  60  4:53  Probe  
  60  4:55  Probe  
  60  4:58  Nexus  
  59  5:04  Dark Templar x2  
  59  5:06  Dark Templar  
  65  5:12  Archon  
  66  5:14  Probe  
  66  5:15  Observer  
  66  5:17  Archon  
  66  5:18  Probe  
  66  5:19  Forge  
  67  5:24  Probe  
  67  5:25  Pylon  
  67  5:27  Probe  
  70  5:39  Probe x2  
  70  5:40  Immortal  
  70  5:42  Pylon x2  
  74  5:54  Probe x2  
  74  5:56  Sentry  
  78  6:03  Protoss Ground Weapons Level 1  
  78  6:06  Immortal, Probe x3  
  81  6:12  Charge  
  81  6:16  Templar Archives  
  81  6:17  Gateway  
  81  6:18  Probe  
  83  6:20  Gateway  
  83  6:24  Shield Battery  
  83  6:25  Shield Battery  
  86  6:29  Zealot x2, Sentry  
  86  6:31  Zealot  
  94  6:36  Immortal, Shield Battery  
  94  6:46  Shield Battery  
  98  6:53  Zealot x4  
  78  7:13  Zealot  
  84  7:16  Zealot x5  
  94  7:25  Immortal, Probe  
  94  7:28  Probe  
  83  7:33  Dark Templar  
  76  7:37  Zealot x5  
  76  7:41  Probe  
  76  7:42  Probe  
  81  7:50  Probe  
  72  7:53  Probe  
  72  7:54  Probe  
  60  8:01  Dark Templar x2  
  60  8:03  Probe  
  60  8:05  Probe  
  61  8:06  Probe  
  61  8:07  Archon  
  61  8:12  Pylon  
  58  8:17  Sentry x2  
  57  8:40  Zealot x2  
Tags
 
Add a new tag
Caveats
  • Supply blocks, unpowered buildings, or Contaminate may cause inaccurate times.
  • Supply counts are checked every 10 seconds.